cohdb
Replays
Latest Replays
All Replays
Popular Replays
Top Player Replays
Match Explorer
How It Works
Community
CoH3 Stats
Reddit
Sign in to upload your games and track your stats! →
Sign in with Steam
Match 41535104
Unlisted
Match 41535104
Overview
Messages
Build Orders
End
Panzergrenadier Squad
Panzergrenadier Squad
250 Light Carrier
Construct Light Support Kompanie
MG34 Team
Panzerjäger Squad
Assault Mechanized Group
Selects Panzerjäger Kommand Battlegroup
Selects Tank Busters
Selects Mine Fields
Assault Grenadier Squad
Selects Defensive Positions
Fire Support Elements
AI Takeover
カルト_くん
Razarak
♥ ~Lady Rytsu~ ♥
PAX AJAX
0
0
Comments
sign in to comment!
No comments posted yet!